 Dungeon Crawl Stone Soup version 0.28.0-53-g5a82cb258f (webtiles) character file.

Game seed: 16350757467127140502

41 melloss the Sneak (level 3, -1/16 HPs)
             Began as a Spriggan Enchanter on June 8, 2022.
             Slain by a worm (9 damage)
             ... on level 2 of the Dungeon.
             The game lasted 00:04:13 (1784 turns).

melloss the Sneak (Spriggan Enchanter)              Turns: 1784, Time: 00:04:14

Health: -1/16      AC:  2    Str:  4    XL:     3   Next: 32%
Magic:  0/8        EV: 18    Int: 18    God:
Gold:   126        SH:  0    Dex: 15    Spells: 5/7 levels left

rFire   x . .      SeeInvis +   a - +1 dagger
rCold   + + .      Faith    .   (no shield)
rNeg    . . .      Spirit   .   b - +0 robe
rPois   .          Reflect  .   (helmet restricted)
rElec   .          Harm     .   (no cloak)
rCorr   .          Rampage  .   (gloves unavailable)
Will    .....                   (boots unavailable)
Stlth   +++.......              (no amulet)
HPRegen 0.05/turn               e - ring of protection from cold
MPRegen 0.11/turn               f - ring of ice

@: very quick
A: very small, no large weapons, unfitting armour, see invisible, speed 3
a: no special abilities


You were on level 2 of the Dungeon.
You visited 1 branch of the dungeon, and saw 2 of its levels.

You collected 126 gold pieces.

Inventory:

Hand Weapons
 a - a +1 dagger (weapon)
Missiles
 d - 78 stones (quivered)
 h - 27 sling bullets
Armour
 b - a +0 robe (worn)
Jewellery
 e - a ring of protection from cold (left hand)
 f - a ring of ice (right hand)
Scrolls
 j - a scroll of enchant weapon {unknown}
Potions
 c - a potion of invisibility
 g - 2 potions of curing {unknown}
 i - a potion of flight {unknown}


   Skills:
 - Level 1.1 Short Blades
 * Level 3.8 Dodging
 * Level 5.5 Stealth
 + Level 2.9 Spellcasting
 - Level 3.6 Hexes
 + Level 0.5 Ice Magic


You had 5 spell levels left.
You knew the following spells:

 Your Spells              Type           Power      Damage    Failure   Level
a - Ensorcelled Hibernat  Hex/Ice        30%        N/A       11%         2

Your spell library contained the following spells:

 Spells                   Type           Power      Damage    Failure   Level
 Confusing Touch          Hex            15%        N/A       11%         3
 Tukima's Dance           Hex            15%        N/A       11%         3
 Dazzling Flash           Conj/Hex       18%        N/A       24%         3


Dungeon Overview and Level Annotations

Branches:
Dungeon (2/15)

Altars:


Innate Abilities, Weirdness & Mutations

You are very small and have problems with some larger weapons.
You are too small for most types of armour.
You have supernaturally acute eyesight. (SInv)
You cover ground extremely quickly. (Speed+++)


Message History

Press: ? - help, Shift-Dir - straight line, f/p - gnoll
Aim: a gnoll, wielding a +0 whip (chance to affect: 56%)
You feel a surge of power!
The gnoll looks drowsy...
The helpless gnoll fails to defend itself.
You impale the gnoll!!
You kill the gnoll!
You hit the giant cockroach.
The giant cockroach is almost dead.
The giant cockroach closely misses you.
Casting: Ensorcelled Hibernation (safe; 11% risk of failure)
Confirm with . or Enter, or press ? or * to list all spells.
Okay, then.
You closely miss the giant cockroach.
The giant cockroach is almost dead.
The giant cockroach misses you.
You hit the giant cockroach but do no damage.
The giant cockroach is almost dead.
The giant cockroach misses you. The giant cockroach bites you.
You hit the giant cockroach but do no damage.
The giant cockroach is almost dead.
The giant cockroach completely misses you.
You hit the giant cockroach but do no damage.
The giant cockroach is almost dead.
The giant cockroach bites you.
You hit the giant cockroach.
You kill the giant cockroach!
Casting: Ensorcelled Hibernation (safe; 11% risk of failure)
Confirm with . or Enter, or press ? or * to list all spells.
Aiming: Ensorcelled Hibernation (safe; 11% risk of failure)
Press: ? - help, Shift-Dir - straight line, f - worm
Aim: a worm (chance to affect: 57%)
You feel a surge of power!
The worm resists with significant effort.
The worm barely misses you.
You hit the worm but do no damage. You hit the worm.
The worm is lightly wounded.
The worm bites you!
Ouch! That really hurt!
You die...

...... ..g... ..g... ......
...... ######### ...... #.......#
......##################.......#
.....(.....)...w@..............##
.......##########................
.......# ########.......#.
......g# ### #......... ...B..w#
... ######.>.. .......# #.#
##.### ......## #.# #.########..#
# .....# #. #.# #........#.###
##### #. #.# ..######...>.##


You could see a worm.

Vanquished Creatures
  A gnoll (D:2)
  An adder (D:2)
  2 dart slugs
  3 bats (D:1)
  2 giant cockroaches
  3 goblins (D:1)
  2 hobgoblins
  2 kobolds
  3 rats
19 creatures vanquished.

Vanquished Creatures (others)
  A plant (D:1)
1 creature vanquished.

Grand Total: 20 creatures vanquished

Notes
Turn   | Place    | Note
-------+----------+-------------------------------------------
     0 | D:1      | melloss the Spriggan Enchanter began the quest for the Orb.
     0 | D:1      | Reached XP level 1. HP: 9/9 MP: 5/5
   657 | D:1      | Reached XP level 2. HP: 12/13 MP: 6/6
   660 | D:1      | Learned a level 2 spell: Ensorcelled Hibernation
   740 | D:1      | Reached skill level 5 in Stealth
  1528 | D:2      | Reached XP level 3. HP: 16/16 MP: 2/8
  1678 | D:2      | Found a faded altar of an unknown god.
  1784 | D:2      | Slain by a worm

Illustrated notes

Levels and vault maps discovered:
D:1:      minmay_arrival_wavy_path, layout_basic, nicolae_grassy_gnolls
D:2:      layout_rooms, shapermc_ecumenical_altar_pompeii

Skill      XL: |  1  2 |
---------------+-------+-----
Dodging        | 3 |  3.8
Stealth        | 5 |  5.5
Short Blades   | |  1.1
Spellcasting   | |  2.9
Hexes          | |  3.6
Ice Magic      | |  0.5

Action                   || total
-------------------------++-------
Melee: Dagger            ||    72
       Punch             ||     2
 Cast: Ensorcelled Hiber ||    12
 Stab: Sleeping          ||    12
Armor: Robe              ||     7
Dodge: Dodged            ||    57
